Map: Lost and Found LE

Players

Sylvester - Winner!

  • Race: Terran Terran
  • Spawn Location: 7:00

JasonKnight

  • Race: Protoss Protoss
  • League: Diamond
  • Spawn Location: 1:00

VOD

Have the link to the VOD?

Description

Time

  • Played on: May 24, 2018, 3:50 p.m.
  • Length: 23:47
Show
View Real Time Build Order
Export as new Build Order

Sylvester Terran - Winner!

Build Orders: Bio Tank 

Get SALT Encoding   

  12  0:01  SCV  
  13  0:13  SCV  
  14  0:17  Supply Depot  
  14  0:25  SCV  
  15  0:39  SCV  
  15  0:41  Barracks  
  16  0:49  Refinery  
  16  0:51  SCV  
  17  1:03  SCV  
  18  1:15  SCV  
  19  1:29  Orbital Command  
  18  1:56  Command Center  
  18  2:00  SCV  
  20  2:02  Marine  
  20  2:10  Factory  
  20  2:18  SCV  
  21  2:22  Supply Depot  
  21  2:25  Barracks Reactor  
  21  2:30  SCV  
  22  2:42  Refinery  
  22  2:43  SCV  
  23  2:55  Starport, SCV  
  24  3:01  Marine x2  
  26  3:07  SCV  
  26  3:09  Orbital Command  
  27  3:17  Factory Tech Lab  
  27  3:21  Marine x2  
  27  3:22  SCV  
  33  3:34  SCV  
  33  3:35  Medivac  
  33  3:38  Marine  
  33  3:39  Marine  
  35  3:42  Barracks  
  35  3:46  SCV  
  37  3:48  SCV  
  37  3:55  Supply Depot  
  37  3:58  SCV  
  38  4:09  Siege Tank  
  41  4:11  Marine x2  
  41  4:12  Medivac  
  41  4:13  SCV  
  41  4:16  SCV  
  47  4:18  Supply Depot  
  46  4:27  SCV  
  46  4:28  SCV  
  46  4:29  Barracks  
  48  4:35  Barracks Tech Lab  
  48  4:37  Marine x2  
  50  4:41  Supply Depot  
  50  4:42  Refinery, SCV x2  
  52  4:53  Siege Tank  
  52  4:55  Marine x2  
  60  5:03  Stimpack  
  60  5:04  Marauder  
  60  5:06  SCV x2  
  61  5:13  Refinery, Marine x2  
  63  5:15  Supply Depot  
  63  5:18  SCV x2  
  65  5:25  Marine  
  66  5:49  Marine x3  
  63  5:51  Barracks Reactor  
  63  5:56  Engineering Bay  
  60  5:57  Barracks  
  60  5:58  Engineering Bay, Supply Depot x2, SCV, Command Center  
  60  6:00  SCV  
  62  6:05  Barracks  
  62  6:10  SCV  
  63  6:12  SCV  
  63  6:14  Medivac  
  63  6:16  Marine x2  
  70  6:18  Marauder  
  70  6:23  Terran Infantry Weapons Level 1, Terran Infantry Armor Level 1  
  70  6:28  SCV x2  
  72  6:33  Marine x2  
  74  6:40  SCV x2  
  74  6:42  Siege Tank  
  74  6:44  Marine x2, Medivac  
  85  6:47  Marauder  
  85  6:50  Marine  
  85  6:51  Marine x2  
  88  7:03  Combat Shield, SCV x2  
  88  7:05  Marine x3  
  88  7:08  Marine  
  94  7:09  Marine x2  
  96  7:25  Orbital Command  
  96  7:28  SCV x2  
  98  7:31  Marine x6  
  98  7:37  Supply Depot x2  
  104  7:38  Supply Depot  
  104  7:40  Missile Turret  
  104  7:42  Missile Turret  
  104  7:49  Missile Turret  
  104  7:50  Siege Tank, Medivac  
  109  7:57  Marine  
  109  7:58  Marine x5  
  113  7:59  Marauder  
  94  8:15  Marine  
  94  8:16  Marine x5  
  94  8:19  Marine  
  99  8:30  Starport Reactor  
  99  8:34  Armory, Barracks Reactor  
  99  8:35  Barracks Tech Lab  
  99  8:46  SCV x2  
  101  8:48  Supply Depot  
  101  8:49  Marine x5  
  101  8:51  Siege Tank  
  101  8:54  Marauder  
  101  8:55  Concussive Shells  
  108  8:58  SCV x2  
  108  8:59  Orbital Command  
  110  9:07  Marine  
  110  9:08  Marauder  
  110  9:09  Command Center  
  113  9:10  SCV x2  
  115  9:17  Marine x3  
  115  9:18  Marine x3  
  115  9:21  Terran Infantry Weapons Level 2  
  115  9:22  SCV  
  115  9:23  Terran Vehicle Weapons Level 1  
  122  9:27  Terran Infantry Armor Level 2  
  122  9:29  Marauder  
  124  9:33  Marine  
  124  9:34  Siege Tank  
  124  9:36  Marauder  
  130  9:45  Medivac x2  
  134  9:50  Marauder  
  136  9:54  Marine x4  
  136  9:55  Marine  
  141  10:03  Factory  
  141  10:04  Supply Depot x2  
  141  10:07  Marauder, Siege Tank  
  141  10:08  Supply Depot  
  141  10:12  Marauder  
  148  10:14  Missile Turret  
  148  10:17  Missile Turret  
  148  10:18  Missile Turret  
  148  10:23  Marine x4  
  152  10:28  Marauder  
  152  10:29  Supply Depot  
  154  10:38  Marine x3, Medivac x2  
  154  10:39  Siege Tank, Supply Depot  
  154  10:40  Marine  
  154  10:41  Marine  
  166  11:03  Marauder x2  
  170  11:04  Factory Tech Lab  
  170  11:08  Starport  
  170  11:13  Planetary Fortress  
  170  11:15  SCV x3  
  170  11:16  Marine  
  170  11:17  Marine x3  
  176  11:19  Siege Tank  
  176  11:20  Marine x2  
  176  11:24  Marauder x2, Terran Vehicle Weapons Level 2  
  185  11:27  SCV  
  184  11:34  Marine  
  183  11:46  Marauder  
  180  11:51  Orbital Command  
  180  11:53  Marine x7  
  184  12:07  Marine  
  184  12:11  Marine x2  
  184  12:12  Missile Turret  
  184  12:13  SCV x3  
  189  12:16  SCV  
  190  12:29  Missile Turret x2  
  190  12:30  Missile Turret  
  190  12:31  Missile Turret, Marine  
  190  12:32  Marine x6  
  190  12:33  Siege Tank  
  200  12:39  Terran Infantry Armor Level 3, Terran Infantry Weapons Level 3  
  200  12:43  Refinery  
  200  12:45  Refinery, Missile Turret  
  200  12:47  Missile Turret  
  199  13:10  Refinery  
  199  13:24  Barracks x2  
  199  13:26  Barracks  
  199  13:31  Starport Reactor  
  199  13:36  Fusion Core  
  197  13:44  Marine x5  
  197  13:45  Marine x3  
  197  13:46  Siege Tank x2  
  189  14:02  Marine x2  
  190  14:09  Liberator  
  191  14:14  Refinery  
  191  14:18  Siege Tank x2  
  191  14:19  Command Center  
  191  14:23  Supply Depot  
  197  14:24  Command Center  
  197  14:25  Terran Ship Weapons Level 1  
  197  14:50  Siege Tank  
  196  15:07  SCV x4  
  200  15:18  Liberator x3  
  180  15:32  Marine x5  
  180  15:33  Siege Tank  
  180  15:35  Siege Tank  
  195  15:38  Liberator  
  192  15:50  Orbital Command x2  
  195  15:57  Structure Armor  
  193  16:06  Marine  
  193  16:07  Marine x6  
  200  16:19  Terran Vehicle Weapons Level 3  
  200  16:35  Orbital Command  
  200  16:53  Missile Turret  
  200  16:54  Missile Turret  
  200  16:55  Missile Turret  
  200  16:57  Missile Turret  
  200  17:01  Starport x2  
  200  17:17  Liberator  
  191  17:33  Marine x8  
  191  17:34  Siege Tank x2  
  191  17:35  Liberator x3  
  187  17:51  Marine x6  
  179  17:58  Starport Tech Lab  
  193  18:04  Starport Reactor, Refinery  
  193  18:05  Refinery  
  193  18:06  Siege Tank x2  
  196  18:34  Marine  
  196  18:35  Marine x3  
  196  18:37  Liberator  
  188  18:55  Viking x4  
  154  18:56  Viking x2  
  154  18:59  Advanced Ballistics  
  154  19:02  Marauder, Marine  
  162  19:03  Marauder, Marine x5  
  162  19:04  Siege Tank x2  
  174  19:10  Liberator x2  
  174  19:14  SCV x4  
  179  19:19  Orbital Command  
  179  19:20  Marine x2  
  179  19:21  Marine x4  
  179  19:23  Marine  
  179  19:24  Marauder  
  178  19:25  Viking x4  
  189  19:36  Siege Tank x2  
  192  19:38  Marine x6  
  192  19:41  Marine  
  192  19:45  Marine  
  196  19:54  Viking  
  196  19:55  Viking  
  167  20:22  Marine x8  
  167  20:23  Siege Tank x2  
  167  20:24  Viking x2  
  167  20:25  Viking x5  
  179  20:40  Marine x8  
  183  20:57  Marine  
  183  20:58  Marine x6  
  190  21:21  Marine x2  
  190  21:22  Marine x6  
  189  21:39  Marine x8  
  184  21:53  SCV x2  
  186  21:57  Marine  
  175  22:14  Viking x6  
  175  22:15  Marine x2, Viking  
  184  22:16  Marauder, Marine x5  
  179  22:27  Siege Tank x2  
  173  22:33  Marine x2  
  173  22:34  Marine x5  
  177  22:37  Marine  
  177  22:44  Viking x3  
  171  22:51  Marine x2  
  169  22:52  Marine x5  
  169  22:53  SCV x6  
  169  22:55  Marine  
  179  22:59  Siege Tank x2  
  179  23:05  SCV x6  
  183  23:08  Marine  
  183  23:09  Marine x2  
  183  23:10  Marine  
  191  23:17  SCV  
  192  23:21  Marine x4  
  192  23:26  Marine  
  192  23:27  Marine x2  
Show
View Real Time Build Order
Export as new Build Order

JasonKnight Protoss 

Build Orders: 1 Gate Expand, Blink Stalkers 

Get SALT Encoding   

  12  0:01  Probe  
  13  0:13  Probe  
  14  0:22  Pylon  
  14  0:25  Probe  
  15  0:40  Probe  
  16  0:43  Gateway  
  16  0:51  Assimilator  
  16  0:52  Probe  
  17  1:00  Probe  
  18  1:08  Probe  
  19  1:34  Assimilator  
  19  1:38  Nexus  
  19  1:42  Probe  
  20  1:53  Cybernetics Core  
  20  1:54  Probe  
  21  2:05  Pylon  
  21  2:06  Probe  
  22  2:19  Stalker  
  22  2:20  Warp Gate  
  24  2:38  Twilight Council  
  24  2:42  Probe  
  25  2:49  Stalker  
  27  2:52  Probe x2  
  29  3:00  Probe x2  
  31  3:08  Probe x2  
  33  3:15  Blink  
  33  3:23  Gateway  
  33  3:27  Gateway  
  33  3:35  Probe  
  33  3:36  Probe  
  35  3:47  Probe  
  35  3:48  Probe  
  37  4:00  Probe x2  
  39  4:12  Probe x2  
  39  4:13  Nexus  
  41  4:24  Probe x2  
  42  4:25  Pylon  
  43  4:37  Probe x2  
  45  4:38  Pylon  
  45  4:46  Stalker  
  45  4:47  Stalker x2  
  45  4:49  Probe x2  
  53  4:56  Robotics Facility  
  53  5:00  Gateway  
  53  5:02  Gateway  
  53  5:04  Gateway  
  53  5:09  Gateway  
  53  5:14  Pylon  
  53  5:16  Charge  
  53  5:17  Assimilator  
  53  5:18  Probe  
  53  5:19  Probe  
  55  5:26  Probe  
  55  5:27  Stalker  
  58  5:31  Probe  
  58  5:34  Stalker x2, Pylon  
  57  5:51  Probe  
  57  5:52  Probe x2  
  60  6:00  Probe x3  
  61  6:05  Observer  
  61  6:08  Probe x3  
  64  6:15  Pylon  
  64  6:16  Warp Prism  
  67  6:20  Probe, Stalker x2  
  67  6:21  Stalker  
  76  6:35  Stalker x2, Pylon x2  
  76  6:36  Stalker  
  82  6:45  Zealot  
  82  6:46  Zealot x3  
  90  6:52  Pylon  
  90  6:58  Zealot x2  
  90  6:59  Zealot  
  95  7:23  Zealot  
  95  7:24  Zealot x4  
  95  7:25  Zealot  
  95  7:27  Zealot  
  107  7:48  Zealot x2  
  107  7:49  Zealot x4  
  107  7:50  Zealot  
  77  8:22  Probe x2  
  77  8:25  Pylon  
  77  8:26  Pylon  
  79  8:27  Templar Archives  
  79  8:31  Gateway  
  79  8:32  Observer  
  80  8:34  Gateway  
  80  8:36  Gateway, Zealot  
  80  8:37  Forge, Zealot x5  
  80  8:38  Zealot  
  80  8:39  Forge  
  80  8:40  Probe x2  
  96  8:43  Assimilator  
  96  8:44  Protoss Ground Weapons Level 1, Protoss Ground Armor Level 1  
  96  8:53  Warp Prism, Psionic Storm  
  96  8:54  Pylon  
  98  8:57  Nexus  
  98  9:05  High Templar  
  98  9:06  High Templar x3  
  106  9:20  Probe x2  
  106  9:21  Probe  
  109  9:24  Photon Cannon  
  109  9:26  Shield Battery  
  109  9:27  Assimilator  
  109  9:32  Probe  
  109  9:33  Probe  
  109  9:35  Assimilator  
  109  9:38  Pylon  
  111  9:47  Dark Shrine, Pylon  
  111  9:50  Probe x3  
  111  9:51  Assimilator  
  114  9:58  Photon Cannon  
  114  10:02  Probe  
  115  10:10  Robotics Facility  
  115  10:14  Robotics Bay  
  115  10:15  Stalker  
  115  10:16  Stalker x3  
  115  10:17  Zealot x2  
  115  10:18  Zealot x2  
  131  10:32  Photon Cannon  
  131  10:59  Dark Templar  
  131  11:00  Gateway, Dark Templar x4  
  131  11:02  Gateway  
  141  11:04  Gateway  
  141  11:17  Colossus x2  
  153  11:29  Pylon  
  153  11:31  Pylon  
  151  11:59  Protoss Ground Weapons Level 2  
  151  12:00  Protoss Ground Armor Level 2  
  145  12:11  Colossus x2  
  157  12:16  Dark Templar  
  159  12:27  Dark Templar  
  161  12:37  Stargate  
  161  12:39  Nexus  
  161  12:40  Pylon  
  161  12:42  Pylon  
  161  12:44  Assimilator, Pylon  
  159  12:55  Photon Cannon  
  159  12:57  Observer, Photon Cannon  
  159  12:58  Shield Battery  
  159  12:59  Shield Battery  
  159  13:02  Pylon  
  157  13:10  Stalker x3  
  157  13:11  Stalker x3  
  169  13:14  Zealot x4  
  153  13:56  Colossus, Pylon  
  153  13:57  Colossus  
  153  13:58  Pylon  
  153  14:02  Dark Templar  
  167  14:05  Dark Templar  
  169  14:14  Assimilator  
  169  14:17  Fleet Beacon  
  169  14:18  Assimilator  
  169  14:19  Stargate  
  169  14:26  Photon Cannon  
  169  14:27  Photon Cannon  
  169  14:29  Photon Cannon  
  169  14:31  Shield Battery  
  169  14:32  Shield Battery  
  169  14:47  High Templar  
  169  14:50  Protoss Ground Weapons Level 3, Protoss Ground Armor Level 3  
  171  15:02  Tempest x2  
  175  15:40  Tempest x2  
  175  15:46  Dark Templar  
  175  15:48  Pylon  
  189  15:57  Stargate, Protoss Air Weapons Level 1  
  189  16:02  Cybernetics Core  
  189  16:11  Photon Cannon  
  189  16:14  Photon Cannon  
  189  16:26  Tempest  
  195  16:47  Pylon  
  195  16:57  Nexus  
  195  16:58  Pylon  
  195  17:01  Oracle  
  198  17:04  Dark Templar  
  182  17:31  Zealot  
  182  17:32  Zealot x5  
  182  17:33  Zealot  
  157  17:49  Zealot x2  
  157  17:50  Zealot x2  
  157  17:51  Stalker x2  
  145  17:54  Zealot x2  
  145  17:55  High Templar x2  
  145  17:57  Zealot x2  
  157  18:05  High Templar  
  154  18:33  Zealot  
  154  18:34  Zealot x4  
  127  18:57  High Templar x4  
  127  18:58  High Templar x6  
  127  19:01  Archon x2  
  127  19:02  Archon x2  
  147  19:03  Archon  
  141  19:30  Zealot x6  
  147  19:54  Zealot  
  147  19:55  Zealot x4  
  147  19:56  Zealot x2  
  116  20:18  Tempest x2  
  118  20:40  Dark Templar  
  120  20:50  Zealot x3  
  126  21:01  Tempest  
  132  21:24  Dark Templar  
  134  21:38  Tempest  
  140  21:43  Nexus  
  118  23:23  High Templar x2  
  122  23:31  Zealot x5  
  122  23:32  Zealot  
  134  23:41  Zealot x2  
Tags
 
Add a new tag
Caveats
  • Supply blocks, unpowered buildings, or Contaminate may cause inaccurate times.
  • Supply counts are checked every 10 seconds.